3AA
FT. POLK SOUTH THUNDER HAWKS @ OTTAWA NATIONALS
05/28/2024
 
TOP OF THE 1ST
Ft. Polk South Thunder Hawks batting - Pitching for Little Caesars Hot N Readys : RHP Leif Mayer
Pitching: RHP Leif Mayer
Batting: SHB Jorge Barrios 0-0: Ball
1-0: Ball
2-0: Called Strike
2-1: Ball
3-1: Base on Balls
Batting: RHB Rodrigo Lugo 0-0: Ball
1-0: Fly out, F9 (Flyball, 9M)
Batting: RHB Darrell Goldstein 0-0: Ball
1-0: Ball
2-0: Ball
3-0: Base on Balls
Jorge Barrios to second
Batting: RHB Thomas Vaughan 0-0: Called Strike
Jorge Barrios is caught stealing 3rd base
Darrell Goldstein to second
0-1: Foul Ball, location: 2F
0-2: Ball
1-2: Ball
2-2: Ball
3-2: Strikes out swinging
Top of the 1st over - 0 run(s), 0 hit(s), 0 error(s), 1 left on base; Ft. Polk South 0 - Little Caesars 0
BOTTOM OF THE 1ST
Little Caesars Hot N Readys batting - Pitching for Ft. Polk South Thunder Hawks : LHP Cristóbal Cardona
Pitching: LHP Cristóbal Cardona
Batting: RHB Young-hwan Hyon 0-0: Hit by Pitch
Batting: RHB Mo Zhou 0-0: DOUBLE (Line Drive, 7LS)
Young-hwan Hyon to third
Runner from 3rd tries for Home, SAFE, no throw or cutoff
Batting: LHB Salvador Vidal 0-0: Ground out 5-3 (Groundball, 56)
Batting: RHB Dani Trejo 0-0: Ground out 5-3 (Groundball, 56)
Batting: RHB Adrian Barr 0-0: Ball
1-0: Fly out, F8 (Flyball, 8RS)
Bottom of the 1st over - 1 run(s), 1 hit(s), 0 error(s), 1 left on base; Ft. Polk South 0 - Little Caesars 1
TOP OF THE 2ND
Ft. Polk South Thunder Hawks batting - Pitching for Little Caesars Hot N Readys : RHP Leif Mayer
Batting: RHB Jim Unknown 0-0: Ball
1-0: Foul Ball, location: 2F
1-1: Ball
2-1: Ball
3-1: Base on Balls
Batting: RHB Walt Shelton 0-0: Called Strike
0-1: Ball
1-1: Ball
2-1: SINGLE (Line Drive, 8RS)
Jim Unknown to second
Batting: RHB Tommy Stanley 0-0: Ball
1-0: Ball
2-0: Ball
3-0: Base on Balls
Jim Unknown to third
Walt Shelton to second
Batting: RHB Robbie Chambers 0-0: Called Strike
0-1: Swinging Strike
0-2: Ball
1-2: Strikes out looking
Batting: RHB Mal Green 0-0: Called Strike
0-1: Ball
1-1: Called Strike
1-2: Ball
2-2: Foul Ball, location: 2F
2-2: Strikes out looking
Batting: SHB Jorge Barrios 0-0: Ball
1-0: Ball
2-0: Ball
3-0: Called Strike
3-1: Foul Ball, location: 2F
3-2: Fly out, F8 (Flyball, 8LXD)
Top of the 2nd over - 0 run(s), 1 hit(s), 0 error(s), 3 left on base; Ft. Polk South 0 - Little Caesars 1
BOTTOM OF THE 2ND
Little Caesars Hot N Readys batting - Pitching for Ft. Polk South Thunder Hawks : LHP Cristóbal Cardona
Batting: RHB Steve Ferguson 0-0: Fly out, F9 (Flyball, 9M)
Batting: SHB Mike Barton 0-0: Called Strike
0-1: Fly out, F4 (Popup, 8RS)
Batting: RHB Spencer Curry 0-0: Ball
1-0: Ground out 5-3 (Groundball, 56S)
Bottom of the 2nd over - 0 run(s), 0 hit(s), 0 error(s), 0 left on base; Ft. Polk South 0 - Little Caesars 1
TOP OF THE 3RD
Ft. Polk South Thunder Hawks batting - Pitching for Little Caesars Hot N Readys : RHP Leif Mayer
Batting: RHB Rodrigo Lugo 0-0: Swinging Strike
0-1: Ball
1-1: Ball
2-1: Ball
3-1: Base on Balls
Batting: RHB Darrell Goldstein 0-0: Called Strike
0-1: Grounds into double play, 5-4-3 (Groundball, 56)
Batting: RHB Thomas Vaughan 0-0: Ground out 6-3 (Groundball, 6)
Top of the 3rd over - 0 run(s), 0 hit(s), 0 error(s), 0 left on base; Ft. Polk South 0 - Little Caesars 1
BOTTOM OF THE 3RD
Little Caesars Hot N Readys batting - Pitching for Ft. Polk South Thunder Hawks : LHP Cristóbal Cardona
Batting: RHB John Thompson 0-0: Called Strike
0-1: Called Strike
0-2: Strikes out swinging
Batting: RHB Young-hwan Hyon 0-0: Ground out 6-3 (Groundball, 6M)
Batting: RHB Mo Zhou 0-0: Ball
1-0: Ball
2-0: Ground out 6-3 (Groundball, 6M)
Bottom of the 3rd over - 0 run(s), 0 hit(s), 0 error(s), 0 left on base; Ft. Polk South 0 - Little Caesars 1
TOP OF THE 4TH
Ft. Polk South Thunder Hawks batting - Pitching for Little Caesars Hot N Readys : RHP Leif Mayer
Batting: RHB Jim Unknown 0-0: Ball
1-0: Called Strike
1-1: Foul Ball, location: 2F
1-2: Fly out, F5 (Line Drive, 5S)
Batting: RHB Walt Shelton 0-0: Ball
1-0: Ball
2-0: Called Strike
2-1: SINGLE (Line Drive, 6MD)
Batting: RHB Tommy Stanley 0-0: Ball
1-0: Called Strike
1-1: SINGLE (Groundball, 6M)
Walt Shelton to second
Runner from 2nd tries for 3rd, SAFE, throw made to third
Batting: RHB Robbie Chambers 0-0: Ball
1-0: SINGLE (Line Drive, 34)
Walt Shelton scores
Tommy Stanley to second
Batting: RHB Mal Green 0-0: Ball
1-0: Foul Ball, location: 2F
1-1: Called Strike
1-2: Grounds into double play, 4-6-3 (Groundball, 4M)
Top of the 4th over - 1 run(s), 3 hit(s), 0 error(s), 1 left on base; Ft. Polk South 1 - Little Caesars 1
BOTTOM OF THE 4TH
Little Caesars Hot N Readys batting - Pitching for Ft. Polk South Thunder Hawks : LHP Cristóbal Cardona
Batting: LHB Salvador Vidal 0-0: Called Strike
0-1: Foul Ball, location: 2F
0-2: Ground out 4-3 (Groundball, 4)
Batting: RHB Dani Trejo 0-0: Ball
1-0: Foul Ball, location: 2F
1-1: Ball
2-1: Swinging Strike
2-2: Foul Ball, location: 2F
2-2: Ball
3-2: Foul Ball, location: 2F
3-2: Base on Balls
Batting: RHB Adrian Barr 0-0: Ball
1-0: Ball
2-0: Called Strike
2-1: Swinging Strike
2-2: Grounds into double play, 4-6-3 (Groundball, 4)
Bottom of the 4th over - 0 run(s), 0 hit(s), 0 error(s), 0 left on base; Ft. Polk South 1 - Little Caesars 1
TOP OF THE 5TH
Ft. Polk South Thunder Hawks batting - Pitching for Little Caesars Hot N Readys : RHP Leif Mayer
Batting: SHB Jorge Barrios 0-0: Called Strike
0-1: Called Strike
0-2: Ball
1-2: Foul Ball, location: 2F
1-2: Ground out U3 (Groundball, 3S)
Batting: RHB Rodrigo Lugo 0-0: Ball
1-0: Foul Ball, location: 2F
1-1: Swinging Strike
1-2: Strikes out swinging
Batting: RHB Darrell Goldstein 0-0: Ball
1-0: Fly out, F5 (Line Drive, 5)
Top of the 5th over - 0 run(s), 0 hit(s), 0 error(s), 0 left on base; Ft. Polk South 1 - Little Caesars 1
BOTTOM OF THE 5TH
Little Caesars Hot N Readys batting - Pitching for Ft. Polk South Thunder Hawks : LHP Cristóbal Cardona
Batting: RHB Steve Ferguson 0-0: Foul Ball, location: 2F
0-1: SINGLE (Line Drive, 78S)
Batting: SHB Mike Barton 0-0: Ball
1-0: Ball
2-0: Bunted foul
2-1: Bunted foul
2-2: Ball
3-2: Base on Balls
Steve Ferguson to second
Batting: RHB Spencer Curry 0-0: Reached on error, E5 (Groundball, 56S)
Steve Ferguson scores
Mike Barton to third
Batting: RHB John Thompson 0-0: Ball
1-0: Foul Ball, location: 2F
1-1: Ball
2-1: Ball
3-1: Called Strike
3-2: Foul Ball, location: 2F
3-2: Foul Ball, location: 2F
3-2: Foul Ball, location: 2F
3-2: Fly out, F4 (Popup, 34)
Batting: RHB Young-hwan Hyon 0-0: Foul Ball, location: 2F
0-1: Ball
1-1: Foul Ball, location: 2F
1-2: Foul Ball, location: 2F
1-2: Ball
2-2: Strikes out swinging
Batting: RHB Mo Zhou 0-0: Called Strike
0-1: Foul Ball, location: 2F
0-2: Ball
1-2: Ball
2-2: SINGLE (Line Drive, 6)
Mike Barton scores
Spencer Curry to third
Batting: LHB Salvador Vidal 0-0: Fly out, F8 (Flyball, 8LS)
Bottom of the 5th over - 2 run(s), 2 hit(s), 1 error(s), 2 left on base; Ft. Polk South 1 - Little Caesars 3
TOP OF THE 6TH
Ft. Polk South Thunder Hawks batting - Pitching for Little Caesars Hot N Readys : RHP Leif Mayer
Batting: RHB Thomas Vaughan 0-0: Ball
1-0: Foul Ball, location: 2F
1-1: Ball
2-1: Swinging Strike
2-2: Ball
3-2: Foul Ball, location: 2F
3-2: Foul Ball, location: 2F
3-2: Ground out 4-3 (Groundball, 34)
Batting: RHB Jim Unknown 0-0: Called Strike
0-1: SINGLE (Groundball, 23) (infield hit)
Batting: RHB Walt Shelton 0-0: Ball
1-0: Ball
2-0: Ball
3-0: Called Strike
3-1: Grounds into double play, U4-3 (Groundball, 4)
Top of the 6th over - 0 run(s), 1 hit(s), 0 error(s), 0 left on base; Ft. Polk South 1 - Little Caesars 3
BOTTOM OF THE 6TH
Little Caesars Hot N Readys batting - Pitching for Ft. Polk South Thunder Hawks : LHP Cristóbal Cardona
Batting: RHB Dani Trejo 0-0: Ball
1-0: Ball
2-0: Ball
3-0: Called Strike
3-1: TRIPLE (Line Drive, 78S)
Batting: RHB Adrian Barr 0-0: Foul Ball, location: 2F
0-1: Ball
1-1: SINGLE (Groundball, 6M)
Dani Trejo scores
Batting: RHB Steve Ferguson 0-0: Ball
1-0: Bunted foul
1-1: Bunt missed!
1-2: Foul Ball, location: 2F
1-2: SINGLE (Flyball, 8LS)
Adrian Barr to second
Batting: SHB Mike Barton 0-0: Ball
1-0: Foul Ball, location: 2F
1-1: Foul Ball, location: 2F
1-2: SINGLE (Line Drive, 7S)
Adrian Barr to third
Steve Ferguson to second
Batting: RHB Spencer Curry 0-0: SINGLE (Groundball, 6MD)
Adrian Barr scores
Steve Ferguson to third
Mike Barton to second
Batting: RHB John Thompson 0-0: Called Strike
0-1: Foul Ball, location: 2F
0-2: Foul Ball, location: 2F
0-2: Ball
1-2: SINGLE (Groundball, 5L)
Steve Ferguson scores
Mike Barton to third
Spencer Curry to second
Pitching: RHP Jim Unknown
Batting: RHB Young-hwan Hyon 0-0: Called Strike
0-1: Ball
1-1: Swinging Strike
1-2: DOUBLE (Line Drive, 89M)
Mike Barton scores
Spencer Curry scores
John Thompson to third
Batting: RHB Mo Zhou 0-0: Swinging Strike
0-1: Foul Ball, location: 2F
0-2: Ball
1-2: Ball
2-2: Ball
3-2: Strikes out swinging
Batting: LHB Salvador Vidal 0-0: Ball
1-0: Called Strike
1-1: Ball
2-1: Swinging Strike
2-2: Ball
3-2: Foul Ball, location: 2F
3-2: Strikes out swinging
Batting: RHB Dani Trejo 0-0: Swinging Strike
0-1: Swinging Strike
0-2: Ball
1-2: Strikes out swinging
Bottom of the 6th over - 5 run(s), 7 hit(s), 0 error(s), 2 left on base; Ft. Polk South 1 - Little Caesars 8
TOP OF THE 7TH
Ft. Polk South Thunder Hawks batting - Pitching for Little Caesars Hot N Readys : RHP Leif Mayer
Batting: RHB Tommy Stanley 0-0: Foul Ball, location: 2F
0-1: Ground out 4-3 (Groundball, 4M)
Batting: RHB Robbie Chambers 0-0: Ball
1-0: Foul Ball, location: 2F
1-1: Foul Ball, location: 2F
1-2: Foul Ball, location: 2F
1-2: Fly out, F9 (Flyball, 9M)
Batting: RHB Mal Green 0-0: Ball
1-0: Swinging Strike
1-1: Swinging Strike
1-2: Strikes out swinging
Top of the 7th over - 0 run(s), 0 hit(s), 0 error(s), 0 left on base; Ft. Polk South 1 - Little Caesars 8
BOTTOM OF THE 7TH
Little Caesars Hot N Readys batting - Pitching for Ft. Polk South Thunder Hawks : RHP Jim Unknown
Batting: RHB Adrian Barr 0-0: Called Strike
0-1: Called Strike
0-2: Fly out, F8 (Flyball, 78M)
Batting: RHB Steve Ferguson 0-0: Ball
1-0: Fly out, F9 (Flyball, 89S)
Batting: SHB Mike Barton 0-0: Ball
1-0: Ground out 4-3 (Groundball, 34)
Bottom of the 7th over - 0 run(s), 0 hit(s), 0 error(s), 0 left on base; Ft. Polk South 1 - Little Caesars 8
TOP OF THE 8TH
Ft. Polk South Thunder Hawks batting - Pitching for Little Caesars Hot N Readys : RHP Leif Mayer
Pitching: LHP Jim Unknown
Batting: SHB Jorge Barrios 0-0: Ball
1-0: SINGLE (Line Drive, 56)
Batting: RHB Rodrigo Lugo 0-0: Ball
1-0: Fly out, F5 (Line Drive, 56)
Now at 3B: Luis Fierro
Batting: RHB Darrell Goldstein 0-0: Foul Ball, location: 2F
0-1: Foul Ball, location: 2F
0-2: Ball
1-2: Ball
2-2: Grounds into double play, 5-4-3 (Groundball, 56)
Top of the 8th over - 0 run(s), 1 hit(s), 0 error(s), 0 left on base; Ft. Polk South 1 - Little Caesars 8
BOTTOM OF THE 8TH
Little Caesars Hot N Readys batting - Pitching for Ft. Polk South Thunder Hawks : RHP Jim Unknown
Batting: RHB Spencer Curry 0-0: Called Strike
0-1: Ball
1-1: Ground out 5-3 (Groundball, 56)
Batting: RHB John Thompson 0-0: Ball
1-0: Foul Ball, location: 2F
1-1: Called Strike
1-2: Foul Ball, location: 2F
1-2: SINGLE (Flyball, 8LS)
Batting: RHB Young-hwan Hyon 0-0: Ball
1-0: Ball
2-0: Called Strike
2-1: Ball
3-1: Fly out, F8 (Flyball, 8LM)
Batting: RHB Luis Fierro 0-0: Fly out, F4 (Popup, 4MD)
Bottom of the 8th over - 0 run(s), 1 hit(s), 0 error(s), 1 left on base; Ft. Polk South 1 - Little Caesars 8
TOP OF THE 9TH
Ft. Polk South Thunder Hawks batting - Pitching for Little Caesars Hot N Readys : LHP Jim Unknown
Now in CF: Eduardo Torres
Batting: RHB Thomas Vaughan 0-0: Foul Ball, location: 2F
0-1: Foul Ball, location: 2F
0-2: Ball
1-2: Strikes out swinging
Batting: RHB Jim Unknown 0-0: Ball
1-0: Swinging Strike
1-1: Foul Ball, location: 2F
1-2: Strikes out swinging
Batting: RHB Walt Shelton 0-0: Foul Ball, location: 2F
0-1: Fly out, F8 (Flyball, 8RM)
Top of the 9th over - 0 run(s), 0 hit(s), 0 error(s), 0 left on base; Ft. Polk South 1 - Little Caesars 8
This league is powered by Out of the Park Baseball, the baseball management simulation game for PC, Mac and Linux
Monday, October 3rd, 2016 - OOTP Baseball 16.9 Build 39